 Dungeon Crawl Stone Soup version 0.30.1-9-gdf580d7c3d (webtiles) character file.

Game seed: 4893573411130840595

384 Zalbag the Poker (level 6, 0/50 HPs)
             Began as a Minotaur Gladiator on Oct 16, 2023.
             Killed by divine providence
             ... invoked by an orc priest
              (15 damage)
             ... on level 5 of the Dungeon.
             The game lasted 00:03:54 (2838 turns).

Zalbag the Poker (Minotaur Gladiator)               Turns: 2838, Time: 00:03:55

Health: 0/50       AC:  4    Str: 21    XL:     6   Next: 47%
Magic:  5/5        EV: 12    Int:  5    God:
Gold:   17         SH:  0    Dex: 11    Spells: 5/5 levels left

rFire   . . .        a - +0 trident
rCold   . . .        (no shield)
rNeg    . . .        b - +0 leather armour
rPois   .            c - +0 hat
rElec   .            (no cloak)
rCorr   .            (no gloves)
SInv    .            w - +0 pair of boots
Will    .....        (no amulet)
Stlth   +            (no ring)
HPRegen 0.28/turn    (no ring)
MPRegen 0.09/turn

%: no passive effects
@: no status effects
A: horns 2, retaliatory headbutt
a: no special abilities


You were on level 5 of the Dungeon.
You visited 1 branch of the dungeon, and saw 5 of its levels.

You collected 170 gold pieces.
You spent 153 gold pieces at shops.

Inventory:

Hand Weapons
 a - a +0 trident (weapon)
Missiles
 d - 3 throwing nets (quivered)
 e - a javelin
 g - 5 boomerangs
 h - 11 poisoned darts
 k - 6 datura-tipped darts
Armour
 b - a +0 leather armour (worn)
 c - a +0 hat (worn)
 j - a +0 buckler
 l - a +0 tower shield
 s - a +0 chain mail
 w - a +0 pair of boots (worn)
Jewellery
 i - a +6 ring of dexterity
 t - an amulet of faith
Scrolls
 m - 3 scrolls of noise {unknown}
 n - 9 scrolls of identify {unknown}
 o - 4 scrolls of vulnerability {unknown}
 q - a scroll of amnesia {unknown}
 r - 2 scrolls of fog {unknown}
 u - a scroll of fear {unknown}
 x - a scroll of immolation {unknown}
 y - a scroll of butterflies {unknown}
 B - a scroll of enchant weapon {unknown}
 D - 2 scrolls of teleportation {unknown}
Potions
 f - 2 potions of mutation {unknown}
 p - 2 potions of flight {unknown}
 v - a potion of ambrosia {unknown}
 z - a potion of brilliance {unknown}
 A - a potion of magic {unknown}
 C - 2 potions of heal wounds {unknown}
 E - a potion of might {unknown}


   Skills:
 - Level 2.4 Fighting
 * Level 7.7 Polearms
 - Level 2.0 Throwing
 - Level 0.4 Armour
 - Level 3.2 Dodging
 + Level 4.0 Shields


You had 5 spell levels left.
You didn't know any spells.
Your spell library contained the following spells:

 Spells                   Type           Power      Damage    Failure   Level
 Magic Dart               Conj           0%         1d3       52%         1
 Call Imp                 Summ           0%         N/A       67%         2
 Searing Ray              Conj           0%         2d4       67%         2
 Sublimation of Blood     Necr           0%         N/A       67%         2
 Dazzling Flash           Conj/Hex       0%         N/A       88%         3
 Mephitic Cloud           Conj/Pois/Air  0%         N/A       88%         3
 Volatile Blastmotes      Fire/Tloc      0%         2d10      88%         3
 Fulminant Prism          Conj/Hex       0%         3d5       99%         4
 Iskenderun's Mystic Bla  Conj/Tloc      0%         2d3       99%         4
 Petrify                  Tmut/Erth      0%         N/A       99%         4
 Agony                    Necr           0%         N/A       100%        5
 Irradiate                Conj/Tmut      0%         3d11      100%        5
 Silence                  Hex/Air        0%         N/A       100%        5
 Starburst                Conj/Fire      0%         6d3       100%        6


Dungeon Overview and Level Annotations

Branches:
Dungeon (5/15)
 Temple: D:4-7

Altars:
Nemelex Xobeh

Shops:
D:4 *


Innate Abilities, Weirdness & Mutations

You have a pair of horns on your head.
You reflexively headbutt those who attack you in melee.


Message History

Reach: a) +0 trident
Press: ? - help, Dir - move target, f/p - orc priest
Aim: an orc priest, wielding a +0 dagger (almost dead, about 41% to evade your +0 trident)
The orc wizard is in the way.
You puncture the orc wizard! Your headbutt misses the orc wizard.
The orc wizard is almost dead.
The orc closely misses you.
The orc wizard hits you but does no damage.
Reach: a) +0 trident
Press: ? - help, Dir - move target, f/p - orc priest
Aim: an orc priest, wielding a +0 dagger (almost dead, about 41% to evade your +0 trident)
The orc wizard is in the way.
You hit the orc wizard.
The orc wizard is almost dead.
The orc barely misses you.
The orc wizard hits you with a +0 dagger.
Reach: a) +0 trident
Press: ? - help, Dir - move target, f/p - orc priest
Aim: an orc priest, wielding a +0 dagger (almost dead, about 41% to evade your +0 trident)
The orc wizard is in the way.
You closely miss the orc wizard.
The orc wizard is almost dead.
The orc hits you from afar with a +0 trident.
The orc wizard points at you and mumbles some strange words.
You resist with some effort.
Reach: a) +0 trident
Press: ? - help, Dir - move target, f/p - orc priest
Aim: an orc priest, wielding a +0 dagger (almost dead, about 41% to evade your +0 trident)
The orc wizard is in the way.
You puncture the orc wizard!
You kill the orc wizard!
The orc hits you from afar with a +0 trident.
* * * LOW HITPOINT WARNING * * *
The orc priest miscasts a cantrip.
Your Shields skill increases to level 4!
Reach: a) +0 trident
Press: ? - help, Dir - move target, f/p - orc priest
Aim: an orc priest, wielding a +0 dagger (almost dead, about 41% to evade your +0 trident)
You reach to attack!
You barely miss the orc priest.
The orc priest is almost dead.
The orc priest invokes the aid of Beogh against you.
Beogh smites you!
You die...

.......+
##+#+####......#
#..............#
#..............+
#........).....####..
#........#..#........
#..o.oo........###
##'#'#)###.##..#..
o.o#@#...##..#.######
...o.#.#.####..#.#....#
#.....#.#......>#.#.#.<.
#.....#.#######.....###.
#...$.#.# #.......'.
#.....#.. +...#####. ..#
#.... +. ### +....# #.
#....# #.


You could see an orc priest and an orc.

Vanquished Creatures
  A black bear (D:4)
  A phantom (D:4)
  A scorpion (D:5)
  A sleepcap (D:4)
  An iguana (D:4)
  An orc wizard (D:5)
  2 adders
  2 dart slugs
  6 orcs
  4 ball pythons
  4 endoplasms
  2 giant cockroaches (D:1)
  6 goblins
  7 hobgoblins
  2 jackals (D:4)
  4 quokkas
  4 bats
  2 frilled lizards (D:1)
  11 kobolds
  3 rats
65 creatures vanquished.

Notes
Turn   | Place    | Note
-------+----------+-------------------------------------------
     0 | D:1      | Zalbag the Minotaur Gladiator began the quest for the Orb.
     0 | D:1      | Reached XP level 1. HP: 18/18 MP: 0/0
   216 | D:1      | Reached skill level 4 in Polearms
   254 | D:1      | Reached XP level 2. HP: 23/25 MP: 1/1
  1230 | D:3      | Reached skill level 1 in Shields
  1233 | D:3      | Reached XP level 3. HP: 27/30 MP: 2/2
  1324 | D:3      | Reached skill level 5 in Polearms
  1579 | D:4      | Reached XP level 4. HP: 31/37 MP: 3/3
  1628 | D:4      | Noticed a phantom
  1634 | D:4      | Killed a phantom
  1635 | D:4      | Reached skill level 6 in Polearms
  1635 | D:4      | Reached XP level 5. HP: 36/42 MP: 4/4
  1727 | D:4      | Noticed a black bear
  1736 | D:4      | Killed a black bear
  1737 | D:4      | Reached skill level 7 in Polearms
  1875 | D:4      | Found a sparkling altar of Nemelex Xobeh.
  2221 | D:4      | Reached XP level 6. HP: 39/50 MP: 5/5
  2568 | D:4      | Found Mokorrut's Assorted Antiques.
  2600 | D:4      | Bought 2 smoky orange potions for 48 gold pieces
  2600 | D:4      | Bought a smoky golden potion for 24 gold pieces
  2600 | D:4      | Bought a scroll labelled IFUSIU DISARRE for 27 gold pieces
  2600 | D:4      | Bought a scroll labelled CAARYSUEDI for 27 gold pieces
  2600 | D:4      | Bought a scroll labelled IFUSIU DISARRE for 27 gold pieces
  2731 | D:5      | Entered Level 5 of the Dungeon
  2838 | D:5      | Killed from afar by an orc priest

Illustrated notes

Levels and vault maps discovered:
D:1:      spicycebolla_arrival_xxxplode, layout_loops_ring
D:2:      layout_loops_ring, basic_altar
D:3:      layout_basic
D:4:      layout_basic, nemelex_spade_bored_becter, serial_shops,
          nicolae_shop_peninsula, grunt_ministairs_3, serial_bayou_pond_b,
          st_stairs_8
D:5:      layout_basic, chequers_temple_overflow_minitemple, serial_shops,
          nicolae_shop_industrial_runoff

Skill      XL: |  1  2  3  4  5  6 |
---------------+-------------------+-----
Polearms       | 4 5 6 7 |  7.7
Shields        | 1 2 3 4 |  4.0
Fighting       | |  2.4
Throwing       | |  2.0
Armour         | |  0.4
Dodging        | |  3.2

Action                     |  1- 3 |  4- 6 || total
---------------------------+-------+-------++-------
  Melee: Trident           |    87 |   101 ||   188
         Headbutt          |    11 |    10 ||    21
         Punch             |       |     1 ||     1
   Stab: Sleeping          |     1 |       ||     1
 Armour: Leather armour    |    19 |    21 ||    40
  Dodge: Dodged            |    33 |    47 ||    80
